 Dungeon Crawl Stone Soup version 0.30-a0-218-gedb9141078 (webtiles) character file.

Game seed: 16063821002735113314

86 KennySheep the Trooper (level 4, -3/48 HPs)
             Began as an Ogre Warper on Oct 5, 2022.
             Was a Believer of Zin.
             Slain by an ogre
             ... wielding a +0 giant spiked club
              (31 damage)
             ... on level 4 of the Dungeon.
             The game lasted 00:04:51 (1796 turns).

KennySheep the Trooper (Ogre Warper)                Turns: 1796, Time: 00:04:51

Health: -3/48      AC:  3    Str: 23    XL:     4   Next: 50%
Magic:  0/7        EV:  9    Int: 14    God:    Zin [**....]
Gold:   99         SH:  0    Dex:  8    Spells: 7/7 levels left

rFire   . . .      SeeInvis .    a - +0 mace
rCold   . . .      Faith    .    (no shield)
rNeg    . . .      Spirit   +    b - +0 robe
rPois   .          Reflect  .    (helmet restricted)
rElec   .          Harm     .    (no cloak)
rCorr   .          Rampage  .    (gloves unavailable)
Will    .....                    (boots unavailable)
Stlth   +.........               j - amulet of guardian spirit
HPRegen 0.28/turn                l - +6 ring of strength
MPRegen 0.10/turn                (no ring)

@: on recite cooldown
A: large, unfitting armour, tough skin 1
a: Renounce Religion, Recite, Vitalisation, Donate Gold


You were on level 4 of the Dungeon.
You worshipped Zin.
Zin was pleased with you.
You visited 1 branch of the dungeon, and saw 4 of its levels.

You collected 110 gold pieces.
You donated 11 gold pieces to Zin.

Inventory:

Hand Weapons
 a - a +0 mace (weapon)
Missiles
 d - 3 boomerangs of dispersal
 e - 6 boomerangs
 g - a javelin (quivered)
Armour
 b - a +0 robe (worn)
Jewellery
 j - an amulet of guardian spirit (around neck)
 l - a +6 ring of strength (left hand)
 t - a ring of positive energy
Scrolls
 c - 2 scrolls of blinking
 h - a scroll of poison {unknown}
 i - a scroll of teleportation
 k - 3 scrolls of noise
 m - a scroll of fear
 p - 2 scrolls of magic mapping
 r - a scroll of acquirement {unknown}
Potions
 f - a potion of invisibility {unknown}
 n - a potion of attraction {unknown}
 o - 2 potions of curing {unknown}
 q - a potion of haste {unknown}
 s - a potion of flight {unknown}
 u - 2 potions of ambrosia {unknown}


   Skills:
 + Level 4.1 Fighting
 * Level 3.5 Maces & Flails
 - Level 1.0 Throwing
 - Level 2.1 Dodging
 - Level 2.4 Spellcasting
 - Level 2.6 Translocations


You had 7 spell levels left.
You didn't know any spells.
Your spell library contained the following spells:

 Spells                   Type           Power      Damage    Failure   Level
 Blink                    Tloc           18%        N/A       12%         2
 Lesser Beckoning         Tloc           18%        N/A       22%         3
 Teleport Other           Tloc           9%         N/A       22%         3
 Vhi's Electric Charge    Tloc/Air       10%        N/A       36%         3
 Inner Flame              Hex/Fire       1%         N/A       56%         3
 Manifold Assault         Tloc           9%         N/A       58%         4
 Flame Wave               Conj/Fire      1%         2d4       92%         4
 Sticky Flame             Conj/Fire      1%         2d3       92%         4


Dungeon Overview and Level Annotations

Branches:
Dungeon (4/15)
 Temple: D:4-7

Altars:
Zin

Annotations:
D:3 Robin


Innate Abilities, Weirdness & Mutations

You are too large for most types of armour.
You have tough skin. (AC +1)


Message History

An ogre comes into view. It is wielding a +0 giant spiked club.
Throw: 4 javelins
Press: ? - help, Q - select action, (/) - cycle Shift-Dir - straight line, f - ogre
Aim: an ogre, wielding a +0 giant spiked club (wandering, hasn't noticed you, 72% to hit)
You throw a javelin. The javelin closely misses the ogre.
The ogre shouts!
Throw: 3 javelins
Press: ? - help, Q - select action, (/) - cycle Shift-Dir - straight line, f/p - ogre
Aim: an ogre, wielding a +0 giant spiked club (72% to hit)
You throw a javelin. The javelin barely misses the ogre.
Throw: 2 javelins
Press: ? - help, Q - select action, (/) - cycle Shift-Dir - straight line, f/p - ogre
Aim: an ogre, wielding a +0 giant spiked club (72% to hit)
You throw a javelin. The javelin pierces through the ogre!
The ogre is moderately wounded.
A scorpion comes into view.
Activating: Recite (9% risk of failure)
Press: ? - help, Dir - look around, f - activate You fail to use your ability.
Activating: Recite (9% risk of failure)
Press: ? - help, Dir - look around, f - activate You clear your throat and prepare to recite. "And Zin decreed that the people would be..."
You hear a shout!
You hit the ogre.
The ogre is heavily wounded. "...protected from impurity in all its forms, and..."
The ogre is dazed by your recitation.
The ogre shouts!
The ogre is lost in a daze.
You hit the ogre.
The ogre is severely wounded. "...preserved in their purity for all the days to come."
You finish reciting Ablutions 21:29.
The ogre hits you with a +0 giant spiked club!!
You sock the ogre!
The ogre is almost dead.
The ogre hits you with a +0 giant spiked club!!
Ouch! That really hurt!
You die...

......)<#....#
........#....# .
........'....# .(
........#....# .(.
........######....
..................
..................
...........?......
.........@Os......
..................
..................
..........########
####.....# #.....#
#.....# #.....#


You could see an ogre (dazed) and a scorpion.

Vanquished Creatures
  3 adders
  A gnoll (D:1)
  A worm (D:2)
  2 dart slugs (D:2)
  8 bats
  5 endoplasms
  A giant cockroach (D:1)
  5 goblins
  5 hobgoblins
  A quokka (D:1)
  4 ball pythons
  2 frilled lizards (D:1)
  A kobold (D:2)
  5 rats
44 creatures vanquished.

Vanquished Creatures (others)
  6 withered plants (D:1)
6 creatures vanquished.

Grand Total: 50 creatures vanquished

Notes
Turn   | Place    | Note
-------+----------+-------------------------------------------
     0 | D:1      | KennySheep the Ogre Warper began the quest for the Orb.
     0 | D:1      | Reached XP level 1. HP: 22/22 MP: 3/3
    61 | D:1      | Reached skill level 3 in Fighting
    61 | D:1      | Reached XP level 2. HP: 16/31 MP: 5/5
   516 | D:1      | Found a faded altar of an unknown god.
   526 | D:1      | Prayed at the altar of an unknown god.
   526 | D:1      | Became a worshipper of Zin the Law-Giver
   526 | D:1      | Reached * piety under Zin
   540 | D:1      | Reached XP level 3. HP: 36/37 MP: 6/6
   901 | D:2      | Reached ** piety under Zin
  1131 | D:2      | Reached XP level 4. HP: 48/48 MP: 7/7
  1463 | D:3      | Reached skill level 4 in Fighting
  1651 | D:3      | Noticed Robin
  1787 | D:4      | Noticed an ogre
  1791 | D:4      | Noticed a scorpion
  1796 | D:4      | Slain by an ogre

Illustrated notes

Levels and vault maps discovered:
D:1:      co_arrival_square_in_a_square_in_a_square, layout_loops_ring,
          ebering_ecumenical_altar_petrified, hangedman_decor_clover_reticule
D:2:      layout_rooms, st_stairs_14
D:3:      layout_rooms, uniq_robin
D:4:      layout_gridville, kennysheep_little_box,
          lemuel_coloured_pillars_altar, gammafunk_ghost_nasty_kobolds

Skill      XL: |  1  2  3  4 |
---------------+-------------+-----
Maces & Flails | 2 3 |  3.5
Fighting       | 3 4 |  4.1
Throwing       | |  1.0
Dodging        | |  2.1
Spellcasting   | |  2.4
Translocations | |  2.6

Action                   |  1- 3 |  4- 6 || total
-------------------------+-------+-------++-------
Melee: Mace              |   117 |    60 ||   177
       Punch             |       |     2 ||     2
Throw: Boomerang         |     4 |       ||     4
       Javelin           |     5 |     3 ||     8
Invok: Recite            |       |     1 ||     1
  Use: Scroll            |       |     4 ||     4
Armor: Robe              |    57 |    19 ||    76
Dodge: Dodged            |    92 |    24 ||   116

Table legend: (Time is in decaauts)
 A = Elapsed time spent in this place.
 B = Non-inter-level travel time spent in this place.
 C = Inter-level travel time spent in this place.
 D = Time resting spent in this place.
 E = Time spent auto-exploring this place.
 F = Levels seen in this place.
 G = Mean time per level.
                   A        B        C        D        E       F      G
               +--------+--------+--------+--------+--------+-----+--------+
         Total |   1844 |   1822 |     22 |    310 |   1075 |   4 |  461.0 |
       Dungeon |   1844 |   1822 |     22 |    310 |   1075 |   4 |  461.0 |
               +--------+--------+--------+--------+--------+-----+--------+

Top non-repeatable levels by time:
     D:1: 828 daAuts
     D:2: 665 daAuts
     D:3: 212 daAuts
     D:4: 137 daAuts
